 Dungeon Sprint DCSS version 0.19-a0-1932-g59670f6 (webtiles) character file.

10920 poirepourri the Imperceptible (level 11, -2/51 HPs)
             Began as a Spriggan Enchanter on Oct 25, 2016.
             Was the Champion of Dithmenos.
             Slain by a spriggan defender
             ... wielding a +0 dagger
              (6 damage)
             ... in the Dungeon (Sprint III: "The Ten Rune Challenge").
             The game lasted 00:06:17 (2186 turns).

poirepourri the Imperceptible (Spriggan Enchanter)  Turns: 2186, Time: 00:06:18

Health: -2/51      AC:  5    Str:  4    XL:     11   Next: 42%
Magic:  7/29       EV: 26    Int: 17    God:    Dithmenos [******]
Gold:   2390       SH:  0    Dex: 20    Spells: 5 memorised, 25 levels left

rFire  . . .     SeeInvis +     o - +2 dagger (venom)
rCold  . . .     Gourm    .     b - +1 robe
rNeg   . . .     Faith    .     (shield restricted)
rPois  .         Spirit   .     (helmet restricted)
rElec  .         Reflect  .     k - +1 cloak
rCorr  .         Harm     .     (gloves unavailable)
MR     +....     NoTele   +     (boots unavailable)
Stlth  ++++++++++               (no amulet)
                                (no ring)
                                (no ring)

@: very slightly contaminated, wreathed by umbra, very quick
A: unfitting armour, see invisible, herbivore 3, speed 3, slow metabolism 2
a: Shadow Step, Shadow Form, Renounce Religion


You were in the Dungeon.
You worshipped Dithmenos.
Dithmenos was exalted by your worship.
You were not hungry.

You visited 1 branch You collected 2390 gold pieces.

Inventory:

Hand Weapons
 o - a +2 dagger of venom (weapon)
Armour
 b - a +1 robe (worn)
 k - a +1 cloak (worn)
Wands
 u - a wand of random effects (5/48)
Scrolls
 n - a scroll of identify
 r - 2 scrolls of remove curse
Potions
 a - a potion of might
 e - a potion of curing
 g - a potion of haste
 i - 2 potions of berserk rage
 l - 3 potions of mutation
 q - 4 potions of flight
 t - 2 potions of cure mutation
Books
 c - a book of Maledictions

   Spells                             Type                      Level
   a - Corona                         Hexes                        1
   b - Ensorcelled Hibernation        Hexes/Ice                    2
   c - Confuse                        Hexes                        3
   d - Tukima's Dance                 Hexes                        3
   e - Dazzling Spray                 Conjuration/Hexes            3
 m - a book of Minor Magic

   Spells                             Type                      Level
   a - Magic Dart                     Conjuration                  1
   b - Blink                          Translocation                2
   c - Call Imp                       Summoning                    2
   d - Repel Missiles                 Charms/Air                   2
   e - Slow                           Hexes                        2
   f - Conjure Flame                  Conjuration/Fire             3
   g - Mephitic Cloud                 Conjuration/Poison/Air       3
Comestibles
 d - a bread ration
 p - 28 royal jellies
 s - 2 fruits


   Skills:
 + Level 2.5 Fighting
 + Level 6.6 Short Blades
 + Level 9.4 Dodging
 + Level 25.4 Stealth
 + Level 13.6 Spellcasting
 + Level 2.5 Conjurations
 + Level 15.3 Hexes
 + Level 7.1 Ice Magic
 + Level 1.1 Invocations


You had 25 spell levels left.
You knew the following spells:

 Your Spells              Type           Power        Failure   Level  Hunger
a - Corona                Hex            ######.      0%          1    None
b - Ensorcelled Hibernat  Hex/Ice        #####.       1%          2    None
c - Confuse               Hex            ######..     1%          3    None
d - Tukima's Dance        Hex            ######..     1%          3    None
e - Dazzling Spray        Conj/Hex       #####.       1%          3    None


Dungeon Overview and Level Annotations

Branches:
Dungeon (1/1)

Altars:
Cheibriados
Dithmenos
Elyvilon
Fedhas
Gozag
Hepliaklqana
Kikubaaqudgha
Makhleb
Nemelex Xobeh
Okawaru
Qazlal
Ru
Sif Muna
Trog
Uskayaw
Vehumet
Xom
Yredelemnul
Zin
The Shining One
Beogh
Jiyva
Lugonu

Shops:
D %


Innate Abilities, Weirdness & Mutations

You are very small and have problems with some larger weapons.
You are too small for most types of armour.
You have supernaturally acute eyesight. (SInv)
You are a herbivore.
You cover ground extremely quickly.
You need consume almost no food.


Message History

The spriggan defender misses you.
You hit the spriggan defender.
The spriggan defender is moderately wounded.
The spriggan defender hits you with a dagger!!
* * * LOW HITPOINT WARNING * * *
You emit a cloud of dark smoke.
You feel much better.
The spriggan defender closely misses you.
Casting: Dazzling Spray
Confirm with . or Enter, or press ? or * to list all spells.
Aiming: Dazzling Spray
Press: ? - help, Shift-Dir - straight line, f/p - spriggan defender
Aim: a spriggan defender, wielding a dagger (black smoke, moderately wounded, blind, umbra)
The spray of energy hits the spriggan defender.
The spriggan defender is moderately wounded.
The spriggan defender is dazzled.
The spriggan defender hits you with a dagger!!
* * * LOW HITPOINT WARNING * * *
The spriggan defender hits you with a dagger.
You die...

#).)#.#§≈§#
#####.#c§§≈#
#)PPP.# #≈≈≈
#.)PPP# c≈≈≈
#..)PP# #§≈
#...)P#
#§#####
#§§§..+
#@############
#i#%PP§.......
#i#P..))..####
#.#P....###
#.#...###.#
#.#.###.§.#
#§#'#...§.#
#§#§§...§.#
#§#§§.....#


You could see 2 spriggan defenders.

Vanquished Creatures
  Frances (D)
  Donald (D)
  Snorg (D)
  A centaur warrior (D)
  2 unseen horrors (D)
  An orange crystal statue (D)
  An orc knight (D)
  A deep elf mage (D)
  A queen bee (D)
  2 spriggan defenders (D)
  An orc high priest (D)
  3 wandering mushrooms (D)
  A shadow (D)
  A spatial vortex (D)
  2 orc warriors (D)
  A necrophage (D)
  2 centaurs (D)
  An earth elemental (D)
  A water elemental (D)
  31 killer bees (D)
  Crazy Yiuf (D)
  A jelly (D)
  3 orc priests (D)
  A wizard (D)
  Jessica (D)
  2 orc wizards (D)
  A necromancer (D)
  A kobold demonologist (D)
  3 humans (D)
  13 orcs (D)
  3 rats (D)
  A plant (D)
87 creatures vanquished.

Vanquished Creatures (others)
  2 draconian scorchers (D)
  6 hellions (D)
  2 yaktaurs (D)
  6 plants (D)
16 creatures vanquished.

Grand Total: 103 creatures vanquished

Notes
Turn   | Place    | Note
-------+----------+-------------------------------------------
     0 | D        | poirepourri the Spriggan Enchanter began the quest for the Orb.
     0 | D        | Reached XP level 1. HP: 9/9 MP: 5/5
    14 | D        | Reached skill level 5 in Stealth
    23 | D        | Noticed Jessica
    28 | D        | Killed Jessica
    28 | D        | Reached skill level 7 in Stealth
    28 | D        | Reached skill level 5 in Hexes
    28 | D        | Reached XP level 2. HP: 13/13 MP: 5/7
    32 | D        | Learned a level 2 spell: Ensorcelled Hibernation
    83 | D        | Killed a yaktaur
    94 | D        | Killed a hellion
    94 | D        | Killed a hellion
    94 | D        | Killed a hellion
    95 | D        | Killed a hellion
   161 | D        | Reached skill level 8 in Stealth
   161 | D        | Reached XP level 3. HP: 13/16 MP: 6/9
   161 | D        | Killed a white draconian scorcher
   165 | D        | Killed a hellion
   173 | D        | Killed a hellion
   199 | D        | Killed a white draconian scorcher
   202 | D        | Learned a level 3 spell: Confuse
   206 | D        | Learned a level 3 spell: Tukima's Dance
   211 | D        | Noticed Crazy Yiuf
   223 | D        | Killed Crazy Yiuf
   223 | D        | Reached skill level 9 in Stealth
   223 | D        | Reached XP level 4. HP: 21/21 MP: 7/11
   229 | D        | Learned a level 3 spell: Dazzling Spray
   395 | D        | Noticed a water elemental
   398 | D        | Killed a water elemental
   398 | D        | Reached skill level 5 in Dodging
   398 | D        | Reached skill level 10 in Stealth
   398 | D        | Reached skill level 5 in Spellcasting
   398 | D        | Reached skill level 1 in Ice Magic
   424 | D        | Found a radiant altar of Vehumet.
   424 | D        | Found a deep blue altar of Sif Muna.
   424 | D        | Found an ancient bone altar of Kikubaaqudgha.
   424 | D        | Noticed a wizard
   426 | D        | Killed a wizard
   426 | D        | Reached skill level 11 in Stealth
   426 | D        | Reached XP level 5. HP: 24/24 MP: 14/14
   454 | D        | Found a glowing silver altar of Zin.
   454 | D        | Found a glowing golden altar of the Shining One.
   454 | D        | Found a white marble altar of Elyvilon.
   455 | D        | Noticed a deep elf mage
   457 | D        | Killed a deep elf mage
   457 | D        | Reached skill level 14 in Stealth
   457 | D        | Reached skill level 10 in Hexes
   457 | D        | Reached XP level 6. HP: 28/28 MP: 14/17
   457 | D        | Reached XP level 7. HP: 32/32 MP: 15/19
   485 | D        | Found a hide-covered altar of Uskayaw.
   485 | D        | Found a roughly hewn altar of Beogh.
   485 | D        | Found an iron altar of Okawaru.
   485 | D        | Found a bloodstained altar of Trog.
   485 | D        | Noticed a human
   486 | D        | Noticed a human
   488 | D        | Killed a human
   488 | D        | Reached skill level 15 in Stealth
   489 | D        | Killed a human
   489 | D        | Reached skill level 16 in Stealth
   503 | D        | Found a basalt altar of Yredelemnul.
   503 | D        | Found a shadowy altar of Dithmenos.
   503 | D        | Found a sacrificial altar of Ru.
   517 | D        | Became a worshipper of Dithmenos the Shadowed
   580 | D        | Noticed a shadow
   582 | D        | Killed a shadow
   582 | D        | Reached skill level 17 in Stealth
   582 | D        | Reached XP level 8. HP: 36/36 MP: 21/21
   596 | D        | Found a blossoming altar of Fedhas.
   596 | D        | Found a stormy altar of Qazlal.
   596 | D        | Found a snail-covered altar of Cheibriados.
   596 | D        | Found a burning altar of Makhleb.
   596 | D        | Found a shimmering altar of Xom.
   597 | D        | Found a hazy altar of Hepliaklqana.
   597 | D        | Found an opulent altar of Gozag.
   597 | D        | Found a sparkling altar of Nemelex Xobeh.
   597 | D        | Found a corrupted altar of Lugonu.
   597 | D        | Found a viscous altar of Jiyva.
   643 | D        | Reached * piety under Dithmenos
   643 | D        | Reached skill level 1 in Fighting
   753 | D        | Noticed Snorg
   758 | D        | Found Net Eff's Food Shoppe.
   761 | D        | Killed Snorg
   761 | D        | Reached skill level 5 in Short Blades
   761 | D        | Reached skill level 19 in Stealth
   761 | D        | Reached skill level 1 in Conjurations
   761 | D        | Reached XP level 9. HP: 42/42 MP: 23/23
   804 | D        | Reached ** piety under Dithmenos
   831 | D        | Noticed an orc knight
   851 | D        | Killed an orc knight
   851 | D        | Reached *** piety under Dithmenos
   851 | D        | Reached skill level 10 in Spellcasting
   977 | D        | Reached **** piety under Dithmenos
  1042 | D        | Reached ***** piety under Dithmenos
  1048 | D        | Reached skill level 20 in Stealth
  1220 | D        | Noticed a centaur warrior
  1225 | D        | Killed a centaur warrior
  1239 | D        | Noticed an unseen horror
  1239 | D        | Noticed an unseen horror
  1242 | D        | Killed an unseen horror
  1242 | D        | Reached skill level 21 in Stealth
  1242 | D        | Reached skill level 5 in Ice Magic
  1242 | D        | Reached XP level 10. HP: 46/46 MP: 26/26
  1244 | D        | Killed an unseen horror
  1244 | D        | Reached skill level 22 in Stealth
  1247 | D        | Noticed Donald
  1247 | D        | Noticed Frances
  1249 | D        | Killed Frances
  1249 | D        | Reached skill level 23 in Stealth
  1250 | D        | Killed Donald
  1250 | D        | Reached skill level 24 in Stealth
  1274 | D        | Reached XP level 11. HP: 39/50 MP: 17/28
  1329 | D        | Reached ****** piety under Dithmenos
  1821 | D        | Reached skill level 25 in Stealth
  1821 | D        | Reached skill level 15 in Hexes
  1918 | D        | Noticed a yaktaur captain
  2051 | D        | Noticed an orange crystal statue
  2078 | D        | Killed an orange crystal statue
  2078 | D        | Reached skill level 1 in Invocations
  2186 | D        | Slain by a spriggan defender

Vault maps used:
D:        dungeon_sprint_mu

Skill      XL: |  1  2  3  4  5  6  7  8  9 10 11 |
---------------+----------------------------------+-----
Stealth        | 7 8 9 11 14 17 19 21 24 25 | 25.4
Hexes          | 5 6 7 10 11 12 13 14 15 | 15.3
Spellcasting   | 3 4 5 7 8 9 11 12 13 | 13.6
Dodging        | 4 5 7 8 9 |  9.4
Ice Magic      | 1 2 3 5 6 7 |  7.1
Short Blades   | 2 3 5 6 |  6.6
Fighting       | 1 2 |  2.5
Conjurations   | 1 2 |  2.5
Invocations    | 1 |  1.1

Action                   |  1- 3 |  4- 6 |  7- 9 | 10-12 || total
-------------------------+-------+-------+-------+-------++-------
Melee: Dagger            |    16 |     4 |    39 |   124 ||   183
 Cast: Ensorcelled Hiber |     5 |       |    19 |    40 ||    64
       Confuse           |       |       |     2 |     7 ||     9
       Dazzling Spray    |       |       |    17 |    17 ||    34
Invok: Shadow Step       |       |       |       |     3 ||     3
  Use: Potion            |     1 |       |     2 |     1 ||     4
       Scroll            |       |     3 |       |     1 ||     4
 Stab: Sleeping          |     5 |     4 |    20 |    39 ||    68
       Confused          |       |       |     1 |     1 ||     2
       Invisible         |       |       |     1 |       ||     1
Armor: Robe              |       |       |     1 |     3 ||     4
Dodge: Dodged            |    10 |       |    23 |    62 ||    95
